 Dungeon Crawl Stone Soup version 0.17-a0-1760-ga6756ae (webtiles) character file.

441 Pirate the Covert (level 6, -2/28 HPs)
             Began as a Spriggan Enchanter on Sept 3, 2015.
             Slain by Prince Ribbit (15 damage)
             ... on level 5 of the Dungeon.
             The game lasted 00:12:09 (2439 turns).

Pirate the Covert (Spriggan Enchanter)              Turns: 2439, Time: 00:12:10

Health: -2/28      AC:  4    Str:  4    XL:     6   Next: 71%
Magic:  7/11       EV: 18    Int: 22    God:
Gold:   181        SH:  0    Dex: 18    Spells: 3 memorised, 2 levels left

rFire  . . .     SeeInvis +     o - +2 dagger (holy)
rCold  . . .     Clarity  .     b - +1 robe
rNeg   + . .     SustAt   .     (shield restricted)
rPois  .         Gourm    .     (helmet restricted)
rElec  .         Spirit   .     q - +0 cloak
rCorr  .         Warding  .     (gloves unavailable)
rMut   .         Stasis   .     (boots unavailable)
MR     +....                    (no amulet)
Stlth  +++++.....               u - ring of positive energy
                                n - +5 ring of intelligence

@: very quick, somewhat resistant to hostile enchantments, quite stealthy
A: unfitting armour, see invisible, herbivore 3, speed 3, slow metabolism 2
a: no special abilities


You were on level 5 of the Dungeon.
You were not hungry.

You visited 1 branch of the dungeon, and saw 5 of its levels.

You collected 181 gold pieces.

Inventory:

Hand weapons
 o - a +2 dagger of holy wrath (weapon)
Armour
 b - a +1 robe (worn)
 q - a +0 cloak (worn)
Jewellery
 n - a +5 ring of intelligence (left hand)
 u - a ring of positive energy (right hand)
Scrolls
 g - 2 scrolls of identify
 h - a scroll of teleportation {unknown}
 l - 2 scrolls of remove curse
 s - a scroll of enchant weapon {unknown}
 v - a scroll of noise {unknown}
Potions
 e - a potion of cure mutation {unknown}
 f - a potion of brilliance {unknown}
 i - a potion of resistance {unknown}
 j - 2 potions of lignification {unknown}
 k - 3 potions of heal wounds
 m - 2 potions of curing {unknown}
 p - a potion of poison {unknown}
 t - 2 potions of magic {unknown}
Books
 c - a book of Maledictions

   Spells                             Type                      Level
   a - Corona                         Hexes                        1
   b - Ensorcelled Hibernation        Hexes/Ice                    2
   c - Confuse                        Hexes                        3
   d - Tukima's Dance                 Hexes                        3
   e - Dazzling Spray                 Conjuration/Hexes            3
 r - a book of Unlife

   Spells                             Type                      Level
   a - Recall                         Summoning/Translocation      3
   b - Animate Dead                   Necromancy                   4
   c - Control Undead                 Necromancy                   4
   d - Cigotuvi's Embrace             Necromancy                   5
   e - Death Channel                  Necromancy                   6
   f - Simulacrum                     Ice/Necromancy               6
Comestibles
 a - 2 royal jellies
 d - 2 bread rations


   Skills:
 - Level 1.1 Short Blades
 - Level 3.0 Dodging
 + Level 10.4 Stealth
 - Level 2.6 Spellcasting
 + Level 5.4 Hexes


You had 2 spell levels left.
You knew the following spells:

 Your Spells              Type           Power        Failure   Level  Hunger
a - Confuse               Hex            ####....     4%          3    ###....
b - Ensorcelled Hibernat  Hex/Ice        ##....       10%         2    ##.....
c - Tukima's Dance        Hex            ####....     4%          3    ###....


Dungeon Overview and Level Annotations

Branches:
Dungeon (5/15)
 Temple: D:4-7

Altars:
The Shining One

Shops:
D:5 *

Annotations:
D:3 emiel's ghost, weakling NaEE
D:5 Prince Ribbit


Innate Abilities, Weirdness & Mutations

You are tiny and cannot use many weapons and most armour.
You have supernaturally acute eyesight.
You are a herbivore.
You cover ground extremely quickly.
You need consume almost no food.


Message History

Prince Ribbit hits you!
Ouch! That really hurt!
Prince Ribbit croaks regally.
Casting: Ensorcelled Hibernation
Confirm with . or Enter, or press ? or * to list all spells.
Aiming: Ensorcelled Hibernation
Press: ? - help, Shift-Dir - straight line, f - Prince Ribbit
Aim: Prince Ribbit (lightly wounded, chance to defeat MR: 28%) Prince Ribbit easily resists.
Prince Ribbit barely misses you.
Prince Ribbit says, "You're just another fly to me."
Casting: Ensorcelled Hibernation
Confirm with . or Enter, or press ? or * to list all spells.
Aiming: Ensorcelled Hibernation
Press: ? - help, Shift-Dir - straight line, f/p - Prince Ribbit
Aim: Prince Ribbit (chance to defeat MR: 28%) Prince Ribbit looks drowsy...
Prince Ribbit croaks.
Prince Ribbit hits you!
Ouch! That really hurt!
You die...

#.####.###.......# #...# #.
#........#.#.###.### #...# #.
##..(....#.........#####...#####.
#.......#.#..##.#.#...........#>
#.........#..##.......<.........
#.......#^#.....#.#.....(.....##
#.......#.#.##..#.###.[.....####
#.......#.#.##..#<# #.#...#.# #
#########.>...F@..# #.#...#.#
#.......#.#### #.#...#.##
#.......#.# ##........#
.....##.#.# #.........#
#..#.##.#.#####...#.#.#.#
#..#......##......#...#.###
#.......####..............#
##.####.# #......##..#.#.#
#......# #..#(.......†#.#


You could see Prince Ribbit.

Vanquished Creatures
  2 ogres
  2 crimson imps
  A giant frog skeleton (D:4)
  Crazy Yiuf (D:2)
  Ijyb (D:2)
  A hound (D:4)
  2 gnolls (D:3)
  3 adders
  An ooze (D:2)
  3 giant geckos
  6 bats
  2 giant cockroaches
  4 goblins
  5 hobgoblins
  3 jackals (D:2)
  A kobold (D:3)
  A quokka (D:4)
  A giant newt (D:2)
  5 rats
45 creatures vanquished.

Notes
Turn   | Place    | Note
--------------------------------------------------------------
     0 | D:1      | Pirate the Spriggan Enchanter began the quest for the Orb.
     0 | D:1      | Reached XP level 1. HP: 9/9 MP: 5/5
    93 | D:1      | Reached skill level 5 in Stealth
   244 | D:2      | Reached XP level 2. HP: 4/13 MP: 6/6
   753 | D:2      | Found a glowing golden altar of the Shining One.
   757 | D:2      | Noticed Ijyb
   841 | D:2      | Learned a level 2 spell: Ensorcelled Hibernation
   889 | D:2      | Reached skill level 6 in Stealth
   952 | D:2      | Killed Ijyb
   952 | D:2      | Reached skill level 7 in Stealth
   952 | D:2      | Reached XP level 3. HP: 11/16 MP: 0/8
  1199 | D:2      | Noticed Crazy Yiuf
  1205 | D:2      | Killed Crazy Yiuf
  1205 | D:2      | Reached skill level 8 in Stealth
  1205 | D:2      | Reached XP level 4. HP: 21/21 MP: 3/9
  1355 | D:3      | Learned a level 3 spell: Confuse
  1426 | D:3      | Noticed emiel's ghost (weakling NaEE)
  1471 | D:3      | Reached XP level 5. HP: 12/24 MP: 3/10
  1473 | D:3      | Reached skill level 9 in Stealth
  2053 | D:4      | Noticed an ogre
  2061 | D:4      | Killed an ogre
  2061 | D:4      | Reached skill level 10 in Stealth
  2061 | D:4      | Reached XP level 6. HP: 28/28 MP: 11/11
  2090 | D:4      | Learned a level 3 spell: Tukima's Dance
  2194 | D:5      | Entered Level 5 of the Dungeon
  2254 | D:5      | Reached skill level 5 in Hexes
  2372 | D:5      | Found Piliobas's General Store.
  2421 | D:5      | Noticed Prince Ribbit
  2439 | D:5      | Slain by Prince Ribbit

Vault maps used:
D:1:      onia_arrival_pentagram
D:2:      first_bread, tso_metal_star, uniq_crazy_yiuf_cottage, uniq_iyjb
D:4:      serial_shops, nicolae_shop_waterfront
D:5:      serial_shops, shop_fountains, bloody_trog, uniq_prince_ribbit1

Action                   |  1- 3 |  4- 6 || total
-------------------------+-------+-------++-------
Melee: Dagger            |    60 |    33 ||    93
 Cast: Ensorcelled Hiber |     7 |    20 ||    27
  Use: Scroll            |       |     8 ||     8
 Stab: Sleeping          |    18 |    19 ||    37
